 Dungeon Crawl Stone Soup version 0.18.1-50-g88ac8fd (webtiles) character file.

47 Smashy the Conjurer (level 3, -8/24 HPs)
             Began as a Demonspawn Wizard on Sept 18, 2016.
             Killed by divine providence
             ... invoked by an orc priest
              (11 damage)
             ... on level 3 of the Dungeon.
             The game lasted 00:06:09 (2193 turns).

Smashy the Conjurer (Demonspawn Wizard)             Turns: 2193, Time: 00:06:10

Health: -8/24      AC:  5    Str:  7    XL:     3   Next: 48%
Magic:  6/7        EV: 12    Int: 20    God:
Gold:   117        SH:  2    Dex: 11    Spells: 1 memorised, 7 levels left

rFire  . . .     SeeInvis .     i - +2 whip (pain)
rCold  . . .     Gourm    .     a - +0 robe
rNeg   . . .     Faith    .     (no shield)
rPois  .         Spirit   .     b - +0 hat
rElec  .         Dismiss  .     (no cloak)
rCorr  .         Reflect  +     (no gloves)
SustAt .         Harm     .     n - +1 pair of boots
MR     .....                    f - +2 amulet of reflection
Stlth  ++........               (no ring)
                                (no ring)

@: not resistant to hostile enchantments, unstealthy
A: rugged brown scales 1
a: no special abilities


You were on level 3 of the Dungeon.
You were not hungry.

You visited 1 branch of the dungeon, and saw 3 of its levels.

You collected 117 gold pieces.

Inventory:

Hand Weapons
 i - a +2 whip of pain (weapon)
Missiles
 h - 102 stones (quivered)
Armour
 a - a +0 robe (worn)
 b - a +0 hat (worn)
 n - a +1 pair of boots (worn)
Jewellery
 f - a +2 amulet of reflection (around neck)
Scrolls
 e - a scroll of remove curse {unknown}
 g - 3 scrolls of identify {unknown}
 l - a scroll of teleportation {unknown}
 o - a scroll of fog {unknown}
 r - 2 scrolls of blinking {unknown}
 t - a scroll of enchant weapon {unknown}
Potions
 j - a potion of brilliance {unknown}
 m - a potion of might {unknown}
 s - a potion of flight {unknown}
Books
 c - a book of Minor Magic

   Spells                             Type                      Level
   a - Magic Dart                     Conjuration                  1
   b - Blink                          Translocation                2
   c - Call Imp                       Summoning                    2
   d - Repel Missiles                 Charms/Air                   2
   e - Slow                           Hexes                        2
   f - Conjure Flame                  Conjuration/Fire             3
   g - Mephitic Cloud                 Conjuration/Poison/Air       3
Comestibles
 d - 3 bread rations
 q - a beef jerky


   Skills:
 - Level 1.7 Dodging
 - Level 1.7 Stealth
 - Level 3.0 Spellcasting
 * Level 3.4 Conjurations
   Level 1.0 Summonings
   Level 0.8 Translocations


You had 7 spell levels left.
You knew the following spells:

 Your Spells              Type           Power        Failure   Level  Hunger
a - Magic Dart            Conj           ###.         3%          1    None


Dungeon Overview and Level Annotations

Branches:
Dungeon (3/15)

Altars:
Ru


Innate Abilities, Weirdness & Mutations

You are partially covered in rugged brown scales (AC +1, +3% HP).


Message History

The orc shouts!
You hit the orc.
The orc is heavily wounded.
The orc priest casts a cantrip, but nothing happens.
The orc hits you with a flail.
The orc hits you with a mace of crushing!
The orc priest mumbles some strange prayers to Beogh against you.
Beogh smites you!
* * * LOW HITPOINT WARNING * * *
Read which item? (? for menu, Esc to quit)
Okay, then.
Drink which item? (? for menu, Esc to quit)
It was a potion of curing.
You feel better. The orc barely misses you. The orc closely misses you.
The orc priest mumbles some strange prayers to Beogh against you.
Pain shoots through your body!
* * * LOW HITPOINT WARNING * * *
The orc priest calls down the wrath of Beogh upon you.
Beogh smites you!
You die...

#.#......# #.# #.#......# #.#..
#.#...##.####.#.#####
#....................
####.......#..... ..#
#######.##.#.# #.# #......#.#
#.# ###...####.###.# . #.....#
#..@..o###########.#
#.##..###..##oo.o........?.#
####..........##....o..........
#......#.#######..............#
#......#.......#..............#
#......#######.#..............#
#......# #.#...............
#......# #.#...............
#......#######.#.............##


You could see an orc priest and 4 orcs.

Vanquished Creatures
  An adder (D:2)
  A giant gecko (D:1)
  3 giant cockroaches
  5 goblins
  6 hobgoblins
  3 kobolds (D:1)
  A quokka (D:3)
  A ball python (D:3)
  4 bats
  A giant newt (D:1)
  9 rats (D:1)
35 creatures vanquished.

Notes
Turn   | Place    | Note
--------------------------------------------------------------
     0 | D:1      | Smashy the Demonspawn Wizard began the quest for the Orb.
     0 | D:1      | Reached XP level 1. HP: 13/13 MP: 4/4
   585 | D:1      | Gained mutation: You are partially covered in rugged brown scales (AC +1, +3% HP). [demonic ancestry]
   585 | D:1      | Reached XP level 2. HP: 11/19 MP: 4/6
  1731 | D:2      | Reached XP level 3. HP: 19/24 MP: 3/7
  1880 | D:2      | Found a sacrificial altar of Ru.
  2193 | D:3      | Killed from afar by an orc priest

Skill      XL: |  1  2 |
---------------+-------+-----
Conjurations   | 2 3 |  3.4
Dodging        | |  1.7
Stealth        | |  1.7
Spellcasting   | |  3.0
Summonings     | |  1.0
Translocations | |  0.8

Action                   || total
-------------------------++-------
Melee: Spear             ||    18
       Whip              ||    70
 Cast: Magic Dart        ||    33
  Use: Potion            ||     1
 Stab: Sleeping          ||     4
  Eat: Chunk             ||     4
Armor: Robe              ||    11
Dodge: Dodged            ||    57
Block: Other             ||     1
